Selects Heavy Armor Battlegroup
Construct Section Command Post
Construct Platoon Command Post
Selects Rigorous Vehicle Training
Unlock M3 Stuart Light Tanks
6-pounder Anti-tank Gun Team
Selects Crusader AA Medium Tank
Selects UNKNOWN (2162094)
6-pounder Anti-tank Gun Team
Construct Company Command Post
Selects Light Vehicle Withdraw and Refit
Selects Forward Repair Assembly
Selects Designate Targets